 Dungeon Crawl Stone Soup version 0.30-a0-368-g86fb4627a9 (webtiles) character file.

Game seed: 5233642860249994811

231 timneilson the Covered (level 6, -3/38 HPs)
             Began as a Gargoyle Fighter on Nov 19, 2022.
             Slain by Crazy Yiuf
             ... wielding a +3 quarterstaff of chaos
              (8 damage)
             ... on level 2 of the Dungeon.
             The game lasted 00:02:47 (1725 turns).

timneilson the Covered (Gargoyle Fighter)           Turns: 1725, Time: 00:02:48

Health: -3/38      AC: 15    Str: 22    XL:     6   Next: 3%
Magic:  2/6        EV:  7    Int:  8    God:
Gold:   77         SH:  4    Dex:  9    Spells: 5/5 levels left

rFire   . . .      SeeInvis .    a - +0 long sword
rCold   . . .      Faith    .    c - +0 buckler
rNeg    + . .      Spirit   .    g - +0 chain mail
rPois   ∞          Reflect  .    e - +0 helmet
rElec   +          Harm     .    (no cloak)
rCorr   .          Rampage  .    (no gloves)
Will    .....                    (no boots)
Stlth   ..........               (no amulet)
HPRegen 0.26/turn                (no ring)
MPRegen 0.10/turn                (no ring)

@: mighty
A: sickness immunity, AC +4, negative energy resistance 1, electricity
resistance, torment resistance 1, petrification resistance
a: no special abilities


You were on level 2 of the Dungeon.
You visited 1 branch of the dungeon, and saw 2 of its levels.

You collected 77 gold pieces.

Inventory:

Hand Weapons
 a - a +0 long sword (weapon)
Armour
 c - a +0 buckler (worn)
 e - a +0 helmet (worn)
 g - a +0 chain mail (worn)
Jewellery
 i - a ring of flight
Scrolls
 f - a scroll of identify
Potions
 b - 2 potions of lignification {unknown}
 d - a potion of flight {unknown}
 h - a potion of mutation {unknown}
 j - a potion of curing {unknown}
 k - a potion of heal wounds


   Skills:
 + Level 3.8 Fighting
 * Level 3.0 Long Blades
 * Level 4.6 Armour
 + Level 1.2 Dodging
 * Level 4.6 Shields


You had 5 spell levels left.
You didn't know any spells.
Your spell library contained the following spells:

 Spells                   Type           Power      Damage    Failure   Level
 Ozocubu's Armour         Ice            0%         N/A       100%        3
 Ozocubu's Refrigeration  Ice            0%         4d7       100%        7


Dungeon Overview and Level Annotations

Branches:
Dungeon (2/15)

Altars:

Annotations:
D:2 Crazy Yiuf


Innate Abilities, Weirdness & Mutations

You are immune to sickness and miasma.
Your stone body is resilient. (AC +4)
You are immune to poison.
You resist negative energy. (rN+)
You are resistant to electric shocks. (rElec)
You are resistant to unholy torment.
You are immune to petrification.


Message History

You block Crazy Yiuf's attack.
You hit Crazy Yiuf.
Crazy Yiuf is moderately wounded.
Crazy Yiuf barely misses you.
Crazy Yiuf hits you with a +3 quarterstaff of chaos.
You closely miss Crazy Yiuf.
Crazy Yiuf is moderately wounded.
Crazy Yiuf hits you but does no damage.
You hit Crazy Yiuf.
Crazy Yiuf is moderately wounded.
Crazy Yiuf hits you with a +3 quarterstaff of chaos!
You barely miss Crazy Yiuf.
Crazy Yiuf is moderately wounded.
Crazy Yiuf hits you but does no damage.
You hit Crazy Yiuf.
Crazy Yiuf is heavily wounded.
Crazy Yiuf hits you but does no damage. Crazy Yiuf barely misses you.
You closely miss Crazy Yiuf.
Crazy Yiuf is heavily wounded.
Crazy Yiuf hits you with a +3 quarterstaff of chaos.
Crazy Yiuf burns you.
You closely miss Crazy Yiuf.
Crazy Yiuf is heavily wounded.
Crazy Yiuf completely misses you.
You hit Crazy Yiuf but do no damage.
Crazy Yiuf is heavily wounded.
Crazy Yiuf hits you with a +3 quarterstaff of chaos.
You feel very mighty all of a sudden. You block Crazy Yiuf's attack.
You barely miss Crazy Yiuf.
Crazy Yiuf is heavily wounded.
Crazy Yiuf hits you with a +3 quarterstaff of chaos.
Crazy Yiuf burns you.
You barely miss Crazy Yiuf.
Crazy Yiuf is heavily wounded.
Crazy Yiuf hits you with a +3 quarterstaff of chaos!
* * * LOW HITPOINT WARNING * * *
You feel your power leaking away.
Crazy Yiuf hits you with a +3 quarterstaff of chaos!
You die...

#..# #.# #.....#
#.##.
#..####.####.###.#
##.#. #.........<..#
#.# ##..
#.###.######## ###
##. #.# #.# #######
#. #.###.##♣♣♣♣♣
#.....# #.
#...#.....♣.♣♣♣ ###
#####># #.
###.#......♣..♣#...#
#.###.
#.......♣♣♣♣@g...#
###..... #.#....♣♣
♣♣#..)# #.).....
#.#.##♣♣ ###
###[####.. #.#.#
#....>.... #.#.#
###.####.. #.#.#
###### #.# #..
##.#.###)##.# #.#
#.. ###...........#
#.####.#
#...........###
#......)


You could see Crazy Yiuf.

Vanquished Creatures
  Sigmund (D:2)
  Robin (D:2)
  2 adders (D:2)
  A worm (D:2)
  A ball python (D:2)
  An endoplasm (D:1)
  10 hobgoblins
  2 jackals (D:1)
  4 kobolds
  A quokka (D:2)
  10 frilled lizards (D:1)
  13 goblins
  2 rats (D:1)
49 creatures vanquished.

Vanquished Creatures (others)
  7 plants (D:1)
7 creatures vanquished.

Grand Total: 56 creatures vanquished

Notes
Turn   | Place    | Note
-------+----------+-------------------------------------------
     0 | D:1      | timneilson the Gargoyle Fighter began the quest for the
                  | Orb.
     0 | D:1      | Reached XP level 1. HP: 14/14 MP: 1/1
   198 | D:1      | Reached XP level 2. HP: 19/19 MP: 2/2
   710 | D:1      | Reached XP level 3. HP: 23/23 MP: 3/3
  1151 | D:2      | Noticed Robin
  1154 | D:2      | Noticed Sigmund
  1192 | D:2      | Killed Robin
  1193 | D:2      | Reached XP level 4. HP: 12/28 MP: 4/4
  1200 | D:2      | Killed Sigmund
  1201 | D:2      | Reached skill level 1 in Dodging
  1201 | D:2      | Reached XP level 5. HP: 7/33 MP: 5/5
  1559 | D:2      | Reached XP level 6. HP: 38/38 MP: 6/6
  1710 | D:2      | Found a runed translucent door.
  1711 | D:2      | Noticed Crazy Yiuf
  1725 | D:2      | Slain by Crazy Yiuf

Illustrated notes

Levels and vault maps discovered:
D:1:      lemuel_arrival_muddy, layout_basic, serial_forest,
          infiniplex_forest_clump_small, infiniplex_forest_clump_tiny,
          infiniplex_forest_lined_corner, infiniplex_forest_straight_5,
          infiniplex_forest_straight_5, infiniplex_forest_corner_1,
          minmay_lizard_king
D:2:      layout_loops_ring, uniq_sigmund, uniq_robin, uniq_crazy_yiuf_cottage

Skill      XL: |  1  2  3  4 |
---------------+-------------+-----
Long Blades    | 2 3 |  3.0
Armour         | 4 |  4.6
Dodging        | 1 |  1.2
Shields        | 4 |  4.6
Fighting       | |  3.8

Action                   |  1- 3 |  4- 6 || total
-------------------------+-------+-------++-------
Melee: Long sword        |   117 |    56 ||   173
  Use: Scroll            |     3 |       ||     3
       Potion            |     1 |     1 ||     2
Armor: Chain mail        |    67 |    25 ||    92
Dodge: Dodged            |    49 |    16 ||    65
Block: Buckler           |    22 |    10 ||    32

Table legend: (Time is in decaauts)
 A = Elapsed time spent in this place.
 B = Non-inter-level travel time spent in this place.
 C = Inter-level travel time spent in this place.
 D = Time resting spent in this place.
 E = Time spent auto-exploring this place.
 F = Levels seen in this place.
 G = Mean time per level.
                   A        B        C        D        E       F      G
               +--------+--------+--------+--------+--------+-----+--------+
         Total |   1783 |   1697 |     86 |      0 |   1323 |   2 |  891.5 |
       Dungeon |   1783 |   1697 |     86 |      0 |   1323 |   2 |  891.5 |
               +--------+--------+--------+--------+--------+-----+--------+

Top non-repeatable levels by time:
     D:1: 1029 daAuts
     D:2: 754 daAuts
